 Dungeon Crawl Stone Soup version 0.28-a0-10-g964c8b829e (webtiles) character file.

Game seed: 4241743768288307851

615 mandarbmax the Cutter (level 7, -2/36 HPs)
             Began as a Vine Stalker Fighter on July 26, 2021.
             Succumbed to a gnoll sergeant's poison
             ... on level 5 of the Dungeon.
             The game lasted 00:08:41 (4308 turns).

mandarbmax the Cutter (Vine Stalker Fighter)        Turns: 4308, Time: 00:08:42

Health: -2/36      AC: 12    Str: 20 (21) XL:     7   Next: 45%
Magic:  2/8        EV:  7    Int:  5 (8)  God:
Gold:   100        SH:  9    Dex: 11 (13) Spells: 6/6 levels left

rFire   . . .      SeeInvis .   a - +0 rapier
rCold   . . .      Faith    .   c - +0 kite shield
rNeg    . . .      Spirit   +   o - +0 plate armour
rPois   .          Reflect  .   (no helmet)
rElec   .          Harm     .   r - +0 cloak
rCorr   .          Rampage  .   (no gloves)
Will    .....                   (no boots)
Stlth   ..........              p - amulet of regeneration
HPRegen 2.12/turn               e - +4 ring of evasion
MPRegen 0.11/turn               (no ring)

@: lethally poisoned (-2 -> -14)
A: fangs 2, regeneration 1, magic shield, antimagic bite, no potion heal 2
a: no special abilities


You were on level 5 of the Dungeon.
You visited 1 branch of the dungeon, and saw 5 of its levels.

You collected 100 gold pieces.

Inventory:

Hand Weapons
 a - a +0 rapier (weapon)
Missiles
 k - 37 poisoned darts (quivered)
 n - 6 javelins
Armour
 c - a +0 kite shield (worn)
 o - a +0 plate armour (worn)
 r - a +0 cloak (worn)
Jewellery
 e - a +4 ring of evasion (left hand)
 p - an amulet of regeneration (around neck)
Scrolls
 d - a scroll of blinking
 f - a scroll of vulnerability {unknown}
 g - a scroll of fear
 h - a scroll of summoning {unknown}
 j - a scroll of brand weapon {unknown}
 l - a scroll of teleportation {unknown}
 s - 3 scrolls of identify {unknown}
 u - 2 scrolls of amnesia
 v - a scroll of enchant weapon {unknown}
 w - a scroll of noise {unknown}
 y - a scroll of enchant armour {unknown}
Potions
 b - a potion of heal wounds {unknown}
 i - 2 potions of degeneration
 m - a potion of magic {unknown}
 q - a potion of berserk rage {unknown}
 t - 4 potions of curing {unknown}
 x - a potion of attraction {unknown}
 z - a potion of brilliance {unknown}


   Skills:
 - Level 3.0 Fighting
 + Level 6.9 Short Blades
 - Level 3.0 Armour
 - Level 3.0 Shields


You had 6 spell levels left.
You didn't know any spells.
Your spell library contained the following spells:

 Spells                   Type           Power      Damage    Failure   Level
 Magic Dart               Conj           0%         1d3       100%        1
 Call Imp                 Summ           0%         N/A       100%        2
 Mephitic Cloud           Conj/Pois/Air  0%         N/A       100%        3


Dungeon Overview and Level Annotations

Branches:
Dungeon (5/15)
 Temple: D:4-7

Altars:
Cheibriados
Dithmenos
Kikubaaqudgha
Yredelemnul

Annotations:
D:2 1 runed translucent door, Crazy Yiuf


Innate Abilities, Weirdness & Mutations

You have extremely sharp teeth.
Your natural rate of healing is unusually fast.
When hurt, damage is shared between your health and your magic reserves.
Your bite disrupts and absorbs the magic of your enemies.
Potions cannot restore your health.


Message History

You hit the gnoll.
You kill the gnoll!
The gnoll sergeant hits you from afar with a +5 spear of venom!
You are poisoned.
You feel sick.
Things that are here:
a +0 whip; a gnoll corpse You feel sick.
You feel sick.
You throw a poisoned dart.
The poisoned dart hits the gnoll sergeant.
You feel sick.
The gnoll sergeant hits you from afar with a +5 spear of venom!
You are more poisoned.
You feel very sick.
The gnoll sergeant completely misses you.
You puncture the gnoll sergeant! You bite the gnoll sergeant.
You drain its power.
You feel invigorated.
The gnoll sergeant is moderately wounded.
You feel very sick.
The gnoll sergeant hits you with a +5 spear of venom!
You are more poisoned.
You hit the gnoll sergeant.
The gnoll sergeant is heavily wounded.
You feel very sick. You block the gnoll sergeant's attack.
You closely miss the gnoll sergeant.
You bite the gnoll sergeant, but do no damage.
The gnoll sergeant is heavily wounded.
You feel very sick.
The gnoll sergeant hits you with a +5 spear of venom.
* * * LOW HITPOINT WARNING * * *
You are more poisoned.
The gnoll sergeant hits you with a +5 spear of venom.
* * * LOW HITPOINT WARNING * * *
You are more poisoned.
It was a potion of degeneration.
There was something very wrong with that liquid.
You feel weakened.
You feel dopey.
You feel clumsy.
You die...

#......###.#.##.#
#####...........#
#........####
#.#.##.### #
#.###### #
#####.# ##
#.....# #.
#.##### ## #@# #.
#g# ## #g#


#rg.gg# #.###.r# #.# ≈≈ #.# #.# #.# You could see a gnoll sergeant, 2 gnolls and
a quokka.

Vanquished Creatures
  4 wights (D:4)
  3 hounds
  A jelly (D:4)
  2 orc priests (D:4)
  A centaur skeleton (D:4)
  An iron imp (D:3)
  An iguana (D:4)
  A hound zombie (D:5)
  A hound skeleton (D:4)
  6 gnolls
  2 adders
  An ufetubus (D:4)
  An adder skeleton (D:4)
  3 worms (D:2)
  3 dart slugs
  2 orcs (D:4)
  6 ball pythons
  3 bats
  8 endoplasms
  5 giant cockroaches
  7 goblins
  2 hobgoblins (D:4)
  2 jackals (D:4)
  A quokka (D:2)
  4 frilled lizards
  10 kobolds
  4 rats
85 creatures vanquished.

Vanquished Creatures (others)
  A fungus (D:1)
  2 plants (D:1)
3 creatures vanquished.

Grand Total: 88 creatures vanquished

Notes
Turn   | Place    | Note
-------+----------+-------------------------------------------
     0 | D:1      | mandarbmax the Vine Stalker Fighter began the quest for the
                  | Orb.
     0 | D:1      | Reached XP level 1. HP: 11/11 MP: 2/2
    92 | D:1      | Reached skill level 2 in Short Blades
    92 | D:1      | Reached XP level 2. HP: 12/16 MP: 3/3
   282 | D:1      | Found a faded altar of an unknown god.
   909 | D:1      | Reached XP level 3. HP: 8/20 MP: 1/4
  1880 | D:2      | Found a runed translucent door.
  1881 | D:2      | Noticed Crazy Yiuf
  2037 | D:2      | Reached skill level 3 in Short Blades
  2037 | D:2      | Gained mutation: Your natural rate of healing is unusually
                  | fast. [Vine Stalker growth]
  2037 | D:2      | Reached XP level 4. HP: 24/24 MP: 5/5
  2339 | D:3      | Found a basalt altar of Yredelemnul.
  2464 | D:3      | Found a snail-covered altar of Cheibriados.
  2473 | D:3      | Reached XP level 5. HP: 27/28 MP: 4/6
  3139 | D:4      | Reached skill level 4 in Short Blades
  3257 | D:4      | Reached XP level 6. HP: 27/31 MP: 3/7
  3264 | D:4      | Reached skill level 5 in Short Blades
  3526 | D:4      | Reached skill level 6 in Short Blades
  3632 | D:4      | Reached XP level 7. HP: 26/33 MP: 6/8
  3722 | D:4      | Found a shadowy altar of Dithmenos.
  3797 | D:4      | Found an ancient bone altar of Kikubaaqudgha.
  4093 | D:5      | Entered Level 5 of the Dungeon
  4308 | D:5      | Succumbed to a gnoll sergeant's poison

Illustrated notes

Levels and vault maps discovered:
D:1:      lightli_arrival_chessboard, layout_rooms, serial_co_window_serial,
          co_window_corner_a, co_window_corner_a, co_window_paths_b,
          co_window_of_opportunity_a, co_window_corner_a,
          co_window_of_opportunity_a, co_window_corner_b,
          co_window_of_opportunity_b, co_window_broadway_b,
          co_window_broadway_a, co_window_unsneaky_path_e, co_window_2corner,
          co_window_paths_e, shapermc_ecumenical_altar_gd
D:2:      layout_loops_ring, uniq_crazy_yiuf_cottage
D:3:      layout_basic, old_standard_altar, slow_altar_2
D:4:      layout_cave_pods, nicolae_dithmenos_through_a_glass_darkly,
          mainiacjoe_overflow_boulevard
D:5:      layout_loops_ring, amethyst_overflow_temple_binary,
          gup_sewer_entry_spiral

Skill      XL: |  1  2  3  4  5  6 |
---------------+-------------------+-----
Short Blades   | 2 3 4 6 |  6.9
Fighting       | 3 |  3.0
Shields        | 3 |  3.0
Armour         | 3 |  3.0

Action                   |  1- 3 |  4- 6 |  7- 9 || total
-------------------------+-------+-------+-------++-------
Melee: Rapier            |    97 |   140 |    47 ||   284
       Bite              |    34 |    45 |    12 ||    91
Throw: Dart              |       |    17 |     1 ||    18
       Javelin           |       |     4 |       ||     4
  Use: Scroll            |       |     1 |     2 ||     3
       Potion            |       |     1 |     1 ||     2
Armor: Scale mail        |    21 |       |       ||    21
       Plate armour      |     7 |    76 |    13 ||    96
Dodge: Dodged            |    17 |    43 |    18 ||    78
Block: Kite shield       |    37 |    70 |    23 ||   130

Table legend: (Time is in decaauts)
 A = Elapsed time spent in this place.
 B = Non-inter-level travel time spent in this place.
 C = Inter-level travel time spent in this place.
 D = Time resting spent in this place.
 E = Time spent auto-exploring this place.
 F = Levels seen in this place.
 G = Mean time per level.
                   A        B        C        D        E       F      G
               +--------+--------+--------+--------+--------+-----+--------+
         Total |   4380 |   4237 |    143 |    126 |   3249 |   5 |  876.0 |
       Dungeon |   4380 |   4237 |    143 |    126 |   3249 |   5 |  876.0 |
               +--------+--------+--------+--------+--------+-----+--------+

Top non-repeatable levels by time:
     D:1: 1438 daAuts
     D:4: 972 daAuts
     D:2: 881 daAuts
     D:3: 870 daAuts
     D:5: 216 daAuts
